[Event "ICCopen2016"]
[Site "Internet Chess Club"]
[Date "2016.06.04"]
[Round "5"]
[White "xvannix"]
[Black "Elcid"]
[Result "1-0"]
[ICCResult "Black forfeits on time"]
[WhiteElo "1729"]
[BlackElo "1133"]
[Opening "Queen's pawn game"]
[ECO "D05"]
[NIC "QP.06"]
[Time "14:43:49"]
[TimeControl "180+0"]

1. d4 Nf6 2. Nf3 e6 3. e3 d5 4. Bd3 g6 5. O-O Bg7 6. Nbd2 O-O 7. b3 c5 8.
Bb2 Qc7 9. Ne5 Nbd7 10. f4 Nxe5 11. fxe5 Ne8 12. Rf3 f6 13. Rh3 cxd4 14.
exd4 fxe5 15. dxe5 Bxe5 16. Bxe5 Qxe5 17. Nf3 Qe3+ 18. Kh1 Nf6 19. Nh4 Qe5
20. Bxg6 Qg5 21. Rg3 Qxh4 22. Qd3 Ng4 23. Bxh7+ Kh8 24. Qd4+ e5 25. Rxg4
Bxg4 26. Qxe5+ Kxh7 27. Qxd5 Rad8 28. Qe4+ Kh8 29. Qe5+ Kh7 30. Qe4+ Kh8 31.
Qe5+ Kh7 32. Qc7+ Kh8 33. Qc3+ Kh7 34. Re1 Rde8 35. Qd3+ Bf5 36. Rxe8 Rxe8
37. g3 Qe4+ 38. Qxe4 Bxe4+ 39. Kg1 Rf8 40. h4 Bxc2 41. Kh2 Rd8 42. Kh3 Rd2
43. Kg4 Bf5+ 44. Kf4 Kg6 45. g4 Rd4+ 46. Ke3 Bxg4 47. Kxd4
{Black forfeits on time}
1-0

[Event "ICCopen2016"]
[Site "Internet Chess Club"]
[Date "2016.06.04"]
[Round "5"]
[White "nevidimka"]
[Black "EirikG"]
[Result "0-1"]
[ICCResult "White resigns"]
[WhiteElo "2009"]
[BlackElo "2520"]
[Opening "Trompowsky attack (Ruth, Opocenský opening)"]
[ECO "A45"]
[NIC "QP.07"]
[Time "14:45:28"]
[TimeControl "180+0"]

1. d4 Nf6 2. Bg5 d5 3. Bxf6 exf6 4. e3 Be6 5. Nd2 c5 6. dxc5 Bxc5 7. c3 O-O
8. Nb3 Bd6 9. Nf3 Nc6 10. Be2 Ne5 11. O-O Rc8 12. Nbd4 Bb8 13. g3 Bh3 14.
Re1 Nc4 15. Rb1 Re8 16. Bf1 Bg4 17. Qb3 b6 18. a4 Be5 19. Be2 Qd7 20. Nxe5
fxe5 21. Bxg4 Qxg4 22. Nb5 Nd2 23. Qd1 Nf3+ 24. Kh1 e4 25. Re2 Qh3 26. Qg1
Nxg1 27. Kxg1 Rc6 28. Rf1 Rh6 29. f4 exf3 30. Rxf3 a6 31. Nd4 f6 32. Nf5 Rh5
33. Nd4 Qg4 34. Rff2 Qe4 35. Re1 Rhe5 36. Rfe2 Qd3 37. Kf2 b5 38. axb5 axb5
39. Rd2 Qc4 40. Nf3 Rf5 41. Kg2 Qe4 42. Rf2 b4 43. cxb4 Rb8 44. Ref1 Rxb4
45. Kg1 Rxf3 46. Rxf3 Rxb2 47. R3f2 Qxe3 48. Kg2 Rxf2+ 49. Rxf2 d4 50. Rf3
Qe4 51. Kf2 d3 52. Re3 Qd4 53. Kf3 d2 54. Re8+ Kf7 {White resigns} 0-1

[Event "ICCopen2016"]
[Site "Internet Chess Club"]
[Date "2016.06.04"]
[Round "5"]
[White "geemurfi"]
[Black "gonesailing"]
[Result "0-1"]
[ICCResult "White forfeits on time"]
[WhiteElo "1838"]
[BlackElo "1614"]
[Opening "Caro-Kann defense"]
[ECO "B10"]
[NIC "CK.01"]
[Time "14:44:49"]
[TimeControl "180+0"]

1. e4 c6 2. Nf3 d5 3. exd5 cxd5 4. c4 d4 5. b4 e6 6. Bb2 Bxb4 7. Bxd4 Nf6 8.
Be2 Nc6 9. Bb2 O-O 10. O-O Re8 11. d4 e5 12. d5 Nd4 13. Nxd4 exd4 14. Bxd4
Re4 15. Bf3 Rh4 16. g3 Rh6 17. Be3 Rh3 18. Bg2 Rh5 19. Nd2 Bg4 20. Qb3 a5
21. a3 Qd7 22. f4 Bxd2 23. Bxd2 Bh3 24. Qf3 Ng4 25. f5 Bxg2 26. Kxg2 Rxh2+
27. Kg1 h5 28. Rae1 Rxd2 29. f6 g6 30. Re2 Rxe2 31. Qxe2 Re8 32. Qd2 Re3 33.
Kg2 Qd6 34. Rf3 Rxf3 35. Kxf3 Qxf6+ 36. Kg2 Qd6 37. Qd3 b6 38. Qe4 Qc5 39.
a4 Qf2+ {White forfeits on time} 0-1

[Event "ICCopen2016"]
[Site "Internet Chess Club"]
[Date "2016.06.04"]
[Round "5"]
[White "Deverill"]
[Black "toguho"]
[Result "1-0"]
[ICCResult "Black forfeits on time"]
[WhiteElo "1284"]
[BlackElo "1559"]
[Opening "Vienna gambit"]
[ECO "C25"]
[NIC "VG.04"]
[Time "14:44:22"]
[TimeControl "180+0"]

1. e4 e5 2. Nc3 Nc6 3. f4 exf4 4. Nf3 Be7 5. d4 Bh4+ 6. Ke2 d5 7. e5 Bg4 8.
h3 Bh5 9. Bxf4 Bxf3+ 10. Kxf3 Qd7 11. g3 Be7 12. Bb5 g5 13. Be3 h5 14. Kg2
Nh6 15. Rf1 Nf5 16. Qf3 Nxe3+ 17. Qxe3 O-O-O 18. Rxf7 a6 19. Bxc6 bxc6 20.
Qd3 Kb7 21. a4 Rhf8 22. Raf1 Rxf7 23. Rxf7 Qe6 24. Qf3 g4 25. hxg4 Bg5 26.
gxh5 Bc1 27. b3 Qh6 28. g4 Qd2+ 29. Kh3 Qe1 30. Qf2 Qh1+ 31. Kg3 Rg8 32. Ne2
Bh6 33. Ng1 {Black forfeits on time} 1-0

[Event "ICCopen2016"]
[Site "Internet Chess Club"]
[Date "2016.06.04"]
[Round "5"]
[White "awesome5123"]
[Black "cap78red"]
[Result "1-0"]
[ICCResult "Black forfeits on time"]
[WhiteElo "1649"]
[BlackElo "1355"]
[Opening "Pirc: classical (two knights) system"]
[ECO "B08"]
[NIC "PU.10"]
[Time "14:44:13"]
[TimeControl "180+0"]

1. e4 Nf6 2. Nc3 d6 3. d4 g6 4. Nf3 Bg7 5. Be3 O-O 6. Qd2 c5 7. d5 Bg4 8. h3
Bxf3 9. gxf3 e5 10. h4 Nh5 11. Be2 Nd7 12. O-O-O Nb6 13. Rdg1 Nf4 14. Bxf4
exf4 15. h5 a5 16. Bd3 Be5 17. Bf1 a4 18. a3 Nc8 19. Bb5 Qa5 20. Bc4 Nb6 21.
Be2 Nd7 22. hxg6 fxg6 23. Qd3 c4 24. Qxc4 Rac8 25. Qxa4 Bxc3 26. Qxd7 Bd2+
27. Kb1 Rc7 28. Qe6+ Rff7 29. Rh6 Re7 30. Qxd6 Rg7 31. Qd8+ Kf7 32. Bc4 Qxd8
33. d6+ Kf8 34. dxe7+ Qxe7 35. Rd1 Ba5 36. Rhh1 Rf7 37. Rd5 Kg7 38. Rhd1 Qf6
39. Rxa5 Rc7 40. b3 Qb6 41. Rb5 Qxf2 42. Rbd5 Qxf3 43. Rd7+ Rxd7 44. Rxd7+
Kh6 45. Rd3 Qf1+ 46. Kb2 f3 47. Bf7 f2 48. Rf3 Qe2 49. Bxg6 f1=Q 50. Rh3+
{Black forfeits on time}
1-0

[Event "ICCopen2016"]
[Site "Internet Chess Club"]
[Date "2016.06.04"]
[Round "5"]
[White "Optikk"]
[Black "EeEk"]
[Result "0-1"]
[ICCResult "White forfeits on time"]
[WhiteElo "1551"]
[BlackElo "1902"]
[Opening "French: Tarrasch, closed variation"]
[ECO "C05"]
[NIC "FR.16"]
[Time "14:44:51"]
[TimeControl "180+0"]

1. e4 e6 2. d4 d5 3. Nd2 Nf6 4. e5 Nfd7 5. f4 c5 6. c3 Nc6 7. Ngf3 Qb6 8.
Nb3 a5 9. a4 cxd4 10. Nbxd4 Bc5 11. Bb5 O-O 12. Be3 f6 13. Nxe6 Bxe3 14.
Nxf8 Nxf8 15. Qxd5+ Be6 16. Qe4 Bf2+ 17. Ke2 fxe5 18. Nxe5 Nxe5 19. Qxe5
Bg4+ 20. Kf1 Bh4 21. g3 Bh3+ 22. Ke2 Bf6 23. Qe4 Rd8 24. Kf3 Rd2 25. Be2 h5
{White forfeits on time}
0-1

[Event "ICCopen2016"]
[Site "Internet Chess Club"]
[Date "2016.06.04"]
[Round "5"]
[White "Jemm"]
[Black "FlashGordon"]
[Result "1-0"]
[ICCResult "Black forfeits on time"]
[WhiteElo "1217"]
[BlackElo "1371"]
[Opening "Sicilian: wing gambit"]
[ECO "B20"]
[NIC "SI.48"]
[Time "14:44:54"]
[TimeControl "180+0"]

1. e4 c5 2. b4 b6 3. bxc5 bxc5 4. Bc4 Bb7 5. d3 e6 6. Nf3 Nc6 7. O-O Nge7 8.
Nc3 d5 9. exd5 exd5 10. Bb5 a6 11. Ba4 Qa5 12. Bd2 d4 13. Bxc6+ Nxc6 14.
Re1+ Be7 15. Nd5 Qd8 16. Ng5 f6 17. Rxe7+ Nxe7 18. Nxe7 Qxe7 19. Qh5+ g6 20.
Qh6 O-O-O 21. Nf3 Qd7 22. Qh4 g5 23. Qg3 h5 24. Rb1 h4 25. Rxb7
{Black forfeits on time}
1-0

[Event "ICCopen2016"]
[Site "Internet Chess Club"]
[Date "2016.06.04"]
[Round "5"]
[White "Zebbile"]
[Black "eltigrecu"]
[Result "1/2-1/2"]
[ICCResult "Game drawn because neither player has mating material"]
[WhiteElo "1760"]
[BlackElo "2084"]
[Opening "Queen's bishop game"]
[ECO "D02"]
[NIC "QP.09"]
[Time "14:43:49"]
[TimeControl "180+0"]

1. Nf3 d5 2. d4 Nf6 3. Bf4 Bg4 4. e3 c6 5. h3 Bh5 6. Bd3 e6 7. Nbd2 Nbd7 8.
c3 Be7 9. O-O Bg6 10. Bxg6 hxg6 11. Ne5 Nxe5 12. Bxe5 g5 13. Qf3 g4 14. hxg4
Bd6 15. Qf4 Bxe5 16. dxe5 Nd7 17. Nf3 Qe7 18. e4 dxe4 19. Qxe4 O-O-O 20.
Rfd1 Nc5 21. Rxd8+ Qxd8 22. Qd4 Nd3 23. b3 c5 24. Qxd8+ Rxd8 25. Rd1 Kc7 26.
Kf1 b5 27. g3 c4 28. bxc4 bxc4 29. Nd4 a6 30. Rb1 Nxe5 31. f3 Rb8 32. Rxb8
Kxb8 33. Ke2 Kc7 34. Ke3 Kd6 35. Ke4 f6 36. Nc2 Kc5 37. Nb4 a5 38. Na6+ Kb6
39. f4 Nxg4 40. Nb8 e5 41. Nd7+ Kc7 42. Nf8 exf4 43. gxf4 Kd6 44. Ng6 Kc5
45. Nf8 Nf2+ 46. Ke3 Nd1+ 47. Kd2 Nf2 48. Ne6+ Kd5 49. Nxg7 Ke4 50. f5 Ng4
51. Ne8 Kxf5 52. Nd6+ Ke6 53. Nxc4 a4 54. Nb6 a3 55. Nc4 Ne5 56. Nxa3 Kd5
57. Kc2 f5 58. Nb1 f4 59. Nd2 f3 60. Nf1 f2 61. a4 Nc4 62. Kd3 Nb2+ 63. Ke3
Nxa4 64. Kxf2 Nxc3 {Game drawn because neither player has mating material}
1/2-1/2

[Event "ICCopen2016"]
[Site "Internet Chess Club"]
[Date "2016.06.04"]
[Round "5"]
[White "Kakarotto"]
[Black "gannikus1992"]
[Result "1-0"]
[ICCResult "Black resigns"]
[WhiteElo "2649"]
[BlackElo "2216"]
[Opening "King's Indian: Petrosian system, Stein variation"]
[ECO "E92"]
[NIC "KI.17"]
[Time "14:44:59"]
[TimeControl "180+0"]

1. d4 Nf6 2. c4 g6 3. Nc3 Bg7 4. Nf3 O-O 5. e4 d6 6. Be2 e5 7. d5 a5 8. Bg5
h6 9. Be3 Na6 10. Nd2 Ne8 11. O-O f5 12. f3 Nf6 13. a3 Bd7 14. Rb1 Rf7 15.
b4 axb4 16. axb4 f4 17. Bf2 g5 18. c5 Bf8 19. c6 bxc6 20. dxc6 Be6 21. Bc4
Bxc4 22. Nxc4 Nxb4 23. Rxb4 d5 24. Nxd5 Nxd5 25. exd5 Bxb4 26. Nxe5 Rf5 27.
Ng4 Bf8 28. Qd3 Qc8 29. Bd4 Ra5 30. Nf6+ Kf7 31. Bc3 Rc5 32. Nd7 Rcxd5 33.
Qc4 Qa8 34. Re1 Qa7+ 35. Kh1 Qf2 36. Qe4 Kg8 37. Nf6+ Rxf6 38. Bxf6 Rd2 39.
Qg6+ {Black resigns} 1-0

[Event "ICCopen2016"]
[Site "Internet Chess Club"]
[Date "2016.06.04"]
[Round "5"]
[White "Darnoc"]
[Black "Igrok"]
[Result "1-0"]
[ICCResult "Black forfeits on time"]
[WhiteElo "2887"]
[BlackElo "3046"]
[Opening "QGD semi-Slav: Meran, Wade variation"]
[ECO "D47"]
[NIC "SL.09"]
[Time "14:44:45"]
[TimeControl "180+0"]

1. d4 c6 2. c4 d5 3. Nf3 Nf6 4. Nc3 e6 5. e3 Nbd7 6. Bd3 dxc4 7. Bxc4 b5 8.
Bd3 Bb7 9. e4 b4 10. Na4 c5 11. e5 Nd5 12. Nxc5 Nxc5 13. dxc5 Bxc5 14. O-O
Rc8 15. Ng5 Be7 16. Qh5 g6 17. Qh6 Bf8 18. Qh3 Bg7 19. Re1 Qb6 20. Bd2 Qd4
21. Bb5+ Ke7 22. Nf3 Qc5 23. Qh4+ Kf8 24. Bf1 h6 25. Rac1 Qe7 26. Rxc8+ Bxc8
27. Qd4 Kg8 28. h4 Kh7 29. h5 Rd8 30. hxg6+ fxg6 31. Qg4 Qf7 32. Qh4 Qf8 33.
Bd3 Ne7 34. Bb1 Nf5 35. Qxb4 Qxb4 36. Bxb4 Bb7 37. Nd2 Rc8 38. Bc3 h5 39.
Be4 Rb8 40. Nf3 Bxe4 41. Rxe4 Bh6 42. Ra4 Rb7 43. Ra6 g5 44. Rxe6 g4 45. Ne1
g3 46. Nd3 gxf2+ 47. Kxf2 Bg7 48. Ra6 Rf7 49. e6 Re7 50. Bxg7 Kxg7 51. Nf4
h4 52. Nd5 Rb7 53. b3 Kf8 54. Kf3 Ke8 55. Kf4 Nd4 56. Ke5 Nb5 57. Kf6
{Black forfeits on time}
1-0

[Event "ICCopen2016"]
[Site "Internet Chess Club"]
[Date "2016.06.04"]
[Round "5"]
[White "NAS"]
[Black "Entoloma"]
[Result "1-0"]
[ICCResult "Black checkmated"]
[WhiteElo "1670"]
[BlackElo "1970"]
[Opening "Owen defense"]
[ECO "B00"]
[NIC "VO.01"]
[Time "14:44:30"]
[TimeControl "180+0"]

1. e4 b6 2. d4 Bb7 3. Nf3 e6 4. Bd3 Nf6 5. Qe2 Be7 6. Nc3 c5 7. Be3 cxd4 8.
Nxd4 d6 9. O-O-O a6 10. f3 Qc7 11. g4 Nc6 12. g5 Nd7 13. h4 Nb4 14. Rhf1 b5
15. f4 Nxd3+ 16. Qxd3 Nc5 17. Qe2 b4 18. Nb1 Nxe4 19. Qg4 g6 20. Nd2 Rc8 21.
Nxe4 Bxe4 22. Rf2 e5 23. fxe5 dxe5 24. Qxe4 exd4 25. Bxd4 O-O 26. Rdf1 Bd6
27. h5 Rfe8 28. Qd3 Re7 29. hxg6 fxg6 30. Qf3 Rf7 31. Qd5 Bf4+ 32. Kb1 Rd8
33. Qb3 Kf8 34. Bf6 Bd6 35. Bg7+ Ke8 36. Rxf7 Rd7 37. Qe6+ Re7 38. Rf8#
{Black checkmated}
1-0

[Event "ICCopen2016"]
[Site "Internet Chess Club"]
[Date "2016.06.04"]
[Round "5"]
[White "maly"]
[Black "BilodeauA"]
[Result "0-1"]
[ICCResult "White checkmated"]
[WhiteElo "2449"]
[BlackElo "2798"]
[Opening "Queen's gambit accepted"]
[ECO "D20"]
[NIC "QG.03"]
[Time "14:44:07"]
[TimeControl "180+0"]

1. d4 d5 2. c4 dxc4 3. e3 e5 4. Bxc4 Nc6 5. Nf3 e4 6. Nfd2 Qg5 7. g3 Nf6 8.
Nc3 Bb4 9. a3 Bxc3 10. bxc3 O-O 11. Bb2 Bh3 12. Qc2 Qf5 13. Bf1 Bxf1 14.
Rxf1 Rfe8 15. O-O-O Qa5 16. Kb1 Qa6 17. f3 exf3 18. Rxf3 Na5 19. e4 Nc4 20.
Nxc4 Qxc4 21. Rxf6 gxf6 22. Qf2 Rxe4 23. Qxf6 Qe6 24. Qf3 Re2 25. Ka1 Qe4
26. Qh5 Re8 27. d5 Qg6 28. Qf3 Re1 29. c4 Rxd1+ 30. Qxd1 Qe4 31. Qb3 b6 32.
Ka2 Qe3 33. Qb5 Qe4 34. Qb3 a5 35. Qc3 f6 36. a4 Rf8 37. h4 h5 38. Qc1 Rf7
39. Qc3 Kf8 40. Ka1 Qh1+ 41. Ka2 Qe4 42. Ka1 Ke8 43. Ka2 Kd7 44. Ka1 Kc8 45.
Ka2 Kb7 46. Qb3 f5 47. c5 Re7 48. d6 cxd6 49. Qxb6+ Kc8 50. cxd6 Qxa4+ 51.
Kb1 Re1+ 52. Bc1 Qb4+ 53. Qxb4 axb4 54. Kc2 Kd7 55. Bf4 Re4 56. Kd3 Rxf4 57.
gxf4 Kxd6 58. Kc4 b3 59. Kxb3 Kd5 60. Kc3 Ke4 61. Kc4 Kxf4 62. Kd5 Kg4 63.
Ke5 f4 64. Ke4 f3 65. Ke3 Kg3 66. Kd2 f2 67. Ke2 Kg2 68. Ke3 f1=Q 69. Ke4
Qf3+ 70. Ke5 Qg4 71. Kd6 Qxh4 72. Kc7 Qg4 73. Kb8 h4 74. Ka8 h3 75. Kb8 Qg7
76. Ka8 h2 77. Kb8 h1=Q 78. Ka8 Qhh8# {White checkmated} 0-1

[Event "ICCopen2016"]
[Site "Internet Chess Club"]
[Date "2016.06.04"]
[Round "5"]
[White "rajiva"]
[Black "queenfish"]
[Result "0-1"]
[ICCResult "White forfeits on time"]
[WhiteElo "1384"]
[BlackElo "1916"]
[Opening "Sicilian defense"]
[ECO "B20"]
[NIC "SI.48"]
[Time "14:45:43"]
[TimeControl "180+0"]

1. e4 c5 2. a3 d5 3. exd5 Qxd5 4. Nc3 Qd6 5. Bb5+ Bd7 6. Nge2 Nc6 7. O-O Nf6
8. d3 e6 9. Bf4 e5 10. Bg3 Nh5 11. Ne4 Qc7 12. N2c3 Nxg3 13. fxg3 Nd4 14.
Nd5 Qd8 15. Bc4 Be6 16. Ne3 Be7 17. c3 Bxc4 18. cxd4 cxd4 19. Nxc4 f6 20.
Qh5+ g6 21. Qh6 f5 22. Qg7 Kd7 23. Nxe5+ Ke6 24. Nd2 Qg8 25. Qh6 Kxe5 26.
Rae1+ Kd6 27. Nc4+ Kd7 28. Qf4 Qd5 29. Re5 Qc6 {White forfeits on time} 0-1

[Event "ICCopen2016"]
[Site "Internet Chess Club"]
[Date "2016.06.04"]
[Round "5"]
[White "fisek2007"]
[Black "ARMCOMPOSER"]
[Result "0-1"]
[ICCResult "White resigns"]
[WhiteElo "2464"]
[BlackElo "3005"]
[Opening "QGD Slav defense"]
[ECO "D10"]
[NIC "SL.01"]
[Time "14:44:51"]
[TimeControl "180+0"]

1. d4 d5 2. c4 c6 3. Nc3 Nf6 4. cxd5 cxd5 5. Bg5 Ne4 6. Nxe4 dxe4 7. Qd2 h6
8. Bh4 Nc6 9. e3 g5 10. Bg3 e5 11. Bb5 exd4 12. exd4 Qb6 13. Bxc6+ bxc6 14.
Ne2 Bb4 15. Nc3 Ba6 16. Be5 O-O 17. h4 f6 18. Bg3 Rad8 19. O-O-O Bd3 20.
hxg5 hxg5 21. a3 Qa5 22. f3 Bxa3 23. Nxe4 Bxb2+ 24. Qxb2 Rb8 25. Qc3 Qa2 26.
Nd2 Rb4 27. Bd6 c5 28. Bxc5 Rc8 29. Rhe1 Rxd4 30. Qb3+ Rc4+ 31. Nxc4 Qxb3
{White resigns}
0-1

[Event "ICCopen2016"]
[Site "Internet Chess Club"]
[Date "2016.06.04"]
[Round "5"]
[White "hgarjur"]
[Black "welo1969"]
[Result "0-1"]
[ICCResult "White forfeits on time"]
[WhiteElo "1902"]
[BlackElo "1598"]
[Opening "Sicilian: closed"]
[ECO "B23"]
[NIC "SI.44"]
[Time "14:45:12"]
[TimeControl "180+0"]

1. e4 c5 2. Nc3 e6 3. g3 Nc6 4. Bg2 g6 5. d3 Bg7 6. Be3 d6 7. Qd2 Nge7 8.
Bh6 O-O 9. Bxg7 Kxg7 10. f4 Nd4 11. Nh3 Nec6 12. Nf2 f5 13. Ncd1 Qa5 14. c3
Nb3 15. Qc2 Nxa1 16. Qb1 c4 17. Qxa1 cxd3 18. Nxd3 fxe4 19. Bxe4 d5 20. Bg2
d4 21. O-O dxc3 22. Nxc3 Kg8 23. Kh1 Bd7 24. Ne4 Rad8 25. b4 Qf5 26. g4 Qf7
27. g5 Qg7 28. Nf6+ Kh8 29. a3 Ne7 30. Ne5 Bc6 31. Nxc6 Nxc6 32. Re1 Nd4 33.
Re4 Rxf6 34. gxf6 Qxf6 35. Qe1 Kg7 36. Bh3 Rd6 37. Re5 Nf3 38. Qe4 Nxe5 39.
fxe5 Rd1+ 40. Kg2 Qf1+ 41. Kg3 Qd3+ 42. Qxd3 Rxd3+ 43. Kg4 h5+ 44. Kh4 Kh6
{White forfeits on time}
0-1

[Event "ICCopen2016"]
[Site "Internet Chess Club"]
[Date "2016.06.04"]
[Round "5"]
[White "QuieroAprender"]
[Black "hhex"]
[Result "0-1"]
[ICCResult "White forfeits on time"]
[WhiteElo "1368"]
[BlackElo "1635"]
[Opening "Sicilian: Kan, Maróczy bind (Réti variation)"]
[ECO "B41"]
[NIC "SI.41"]
[Time "14:44:22"]
[TimeControl "180+0"]

1. e4 c5 2. Nf3 e6 3. d4 cxd4 4. Nxd4 a6 5. c4 Qc7 6. Nc3 Nf6 7. f3 d6 8.
Be3 Be7 9. Bd3 O-O 10. O-O b6 11. b3 Bb7 12. Nce2 Nbd7 13. Qc2 Rac8 14. Rac1
Qb8 15. f4 Nc5 16. e5 dxe5 17. fxe5 Qxe5 18. Bf4 Qh5 19. Ng3 Qh4 20. Be3 Ng4
21. h3 Nxe3 22. Nf3 Qxg3 23. Bxh7+ Kh8 24. Qb1 Nxf1 25. Rxf1 g6 26. b4 Ne4
27. Bxg6 fxg6 28. Re1 Rxf3 29. Rxe4 Bxe4 30. Qxe4 Rf5 31. Qxe6 Bf8 32. Qxc8
Qe3+ 33. Kh2 Qe5+ 34. Kg1 Qe1+ 35. Kh2 Qe5+ 36. Kg1 Rf4 37. Qxf8+ Rxf8 38.
h4 Qg3 39. c5 Re8 {White forfeits on time} 0-1

[Event "ICCopen2016"]
[Site "Internet Chess Club"]
[Date "2016.06.04"]
[Round "5"]
[White "austin5621499"]
[Black "ivancele"]
[Result "0-1"]
[ICCResult "White resigns"]
[WhiteElo "1245"]
[BlackElo "1508"]
[Opening "Pirc: classical (two knights) system"]
[ECO "B08"]
[NIC "VO.17"]
[Time "14:45:01"]
[TimeControl "180+0"]

1. e4 d6 2. Nf3 Nf6 3. Nc3 g6 4. d4 c6 5. Bg5 Bg7 6. Qd2 Qc7 7. Bh6 O-O 8.
Bxg7 Kxg7 9. h4 h5 10. Ne2 e5 11. dxe5 dxe5 12. O-O-O Nbd7 13. Ng5 Re8 14.
f3 a6 15. g4 b5 16. gxh5 Nxh5 17. Nxf7 Kxf7 18. Qg5 Ndf6 19. Rg1 Rg8 20. f4
Nxe4 21. Qh6 Bf5 22. fxe5 Qxe5 23. Nd4 Qf4+ 24. Kb1 Qxh6 25. Nxc6 Qf4 26.
Bd3 Rgc8 27. Nd4 Qxh4 28. Rdf1 Nd2+ 29. Kc1 Nxf1 30. Rxf1 Ng3 31. Rf4
{White resigns}
0-1

[Event "ICCopen2016"]
[Site "Internet Chess Club"]
[Date "2016.06.04"]
[Round "5"]
[White "ardapro"]
[Black "hipopotamos"]
[Result "0-1"]
[ICCResult "White forfeits on time"]
[WhiteElo "1380"]
[BlackElo "1085"]
[Opening "QGA, 4.e3"]
[ECO "D25"]
[NIC "QG.08"]
[Time "14:45:01"]
[TimeControl "180+0"]

1. d4 d5 2. c4 dxc4 3. Nf3 Nf6 4. e3 Nc6 5. Bxc4 Bf5 6. Nc3 Bg4 7. O-O e6 8.
h3 Bh5 9. Re1 Bb4 10. Be2 O-O 11. a3 Bxc3 12. bxc3 Qd7 13. Qc2 Rad8 14. c4
b6 15. Bb2 Qd6 16. Rad1 a6 17. c5 bxc5 18. dxc5 Qe7 19. Bxa6 Ra8 20. Bb5 Na7
21. Bc4 Rad8 22. Bd4 Nc8 23. Qc3 Rd7 24. Bxf6 gxf6 25. Rxd7 Qxd7 26. Qxf6
Ne7 27. Ne5 Qe8 28. g4 Bg6 29. h4 Qa4 30. h5 Bc2 {White forfeits on time}
0-1

[Event "ICCopen2016"]
[Site "Internet Chess Club"]
[Date "2016.06.04"]
[Round "5"]
[White "PolishRyszard"]
[Black "majasystem"]
[Result "0-1"]
[ICCResult "White checkmated"]
[WhiteElo "1709"]
[BlackElo "2150"]
[Opening "Trompowsky attack (Ruth, Opocenský opening)"]
[ECO "A45"]
[NIC "QP.07"]
[Time "14:45:18"]
[TimeControl "180+0"]

1. d4 Nf6 2. Bg5 Ne4 3. Bf4 c5 4. d5 g5 5. Be5 Rg8 6. f3 d6 7. Bg3 Nxg3 8.
hxg3 h6 9. Nc3 Nd7 10. e4 Nf6 11. Bd3 Qb6 12. Qd2 a6 13. a4 Bd7 14. a5 Qc7
15. Bc4 Bg7 16. Nge2 O-O-O 17. O-O e6 18. Na4 Kb8 19. Nb6 exd5 20. exd5 Bf5
21. g4 Bg6 22. Ng3 h5 23. gxh5 Nxh5 24. Nxh5 Bxh5 25. g4 Bg6 26. Bd3 Bd4+
27. Kg2 f5 28. c3 Be5 29. gxf5 Bh5 30. Rh1 Qf7 31. Be4 g4 32. f4 Bf6 33. Nc4
g3 34. Rae1 Rg4 35. Bf3 Rdg8 36. Bxg4 Bxg4 37. Re6 Bxf5 38. Rxd6 Be4+ 39.
Kg1 Bxh1 40. Kxh1 g2+ 41. Kg1 Qh7 42. Rxf6 Qh1+ 43. Kf2 g1=Q+ 44. Ke2 Qf1+
45. Ke3 Qhg1+ 46. Ke4 Re8+ 47. Kf5 Qh3# {White checkmated} 0-1

[Event "ICCopen2016"]
[Site "Internet Chess Club"]
[Date "2016.06.04"]
[Round "5"]
[White "PazificDreams"]
[Black "mathman"]
[Result "1-0"]
[ICCResult "Black resigns"]
[WhiteElo "2695"]
[BlackElo "2340"]
[Opening "King's Indian: fianchetto, classical variation, 8.e4"]
[ECO "E68"]
[NIC "KI.64"]
[Time "14:44:48"]
[TimeControl "180+0"]

1. d4 Nf6 2. Nf3 g6 3. c4 Bg7 4. g3 O-O 5. Bg2 d6 6. O-O Nbd7 7. Nc3 e5 8.
e4 exd4 9. Nxd4 Re8 10. h3 a6 11. Re1 Rb8 12. Rb1 c5 13. Nc2 b5 14. Qxd6
bxc4 15. f4 Nh5 16. Ne2 Bb7 17. g4 Nhf6 18. Nc3 Re6 19. Qd1 Nb6 20. e5 Nfd5
21. Ne4 Rc8 22. Qe2 Nb4 23. Rd1 Nd3 24. Ne1 Qd4+ 25. Kh2 Rd8 26. Be3 Qd7 27.
Nxc5 Qe7 28. Nxb7 Rxe5 29. fxe5 Qxe5+ 30. Kg1 Re8 31. Nxd3 cxd3 32. Rxd3
Qxe3+ 33. Rxe3 Bd4 34. Re1 Bxe3+ 35. Qxe3 {Black resigns} 1-0

[Event "ICCopen2016"]
[Site "Internet Chess Club"]
[Date "2016.06.04"]
[Round "5"]
[White "Nostradamus"]
[Black "Last7Samurai"]
[Result "0-1"]
[ICCResult "White forfeits on time"]
[WhiteElo "2416"]
[BlackElo "2814"]
[Opening "French: Burn variation"]
[ECO "C11"]
[NIC "FR.05"]
[Time "14:44:59"]
[TimeControl "180+0"]

1. e4 e6 2. d4 d5 3. Nc3 Nf6 4. Bg5 dxe4 5. Nxe4 Be7 6. Bxf6 gxf6 7. g3 Nc6
8. Ne2 e5 9. d5 Nd4 10. Nxd4 Qxd5 11. Bg2 Qxd4 12. Qxd4 exd4 13. O-O-O c5
14. Rhe1 Be6 15. a3 O-O-O 16. Nd2 Kc7 17. Bf1 Rhe8 18. Bd3 f5 19. Re2 Bf6
20. Rde1 Rg8 21. Bc4 Bxc4 22. Nxc4 h5 23. Ne5 Rg7 24. b3 h4 25. Nd3 Kc6 26.
Ne5+ Kc7 27. Nd3 b6 28. Re8 Rg8 29. Rxg8 Rxg8 30. Kd1 Kd6 31. a4 a6 32. Ke2
Re8+ 33. Kf3 Rxe1 34. Nxe1 hxg3 35. fxg3 Bg5 36. h4 Bh6 37. Nd3 b5 38. axb5
axb5 39. Nf4 c4 40. bxc4 bxc4 41. Ne2 Kd5 42. Nf4+ Ke5 43. Ne2 d3 44. cxd3
cxd3 45. Nc3 Kd4 46. Nd1 d2 47. Ke2 Ke4 48. Nf2+ Ke5 49. Nd1 Kd4 50. Nf2 Kc3
51. Nd1+ Kc2 52. Nf2 f4 {White forfeits on time} 0-1

[Event "ICCopen2016"]
[Site "Internet Chess Club"]
[Date "2016.06.04"]
[Round "5"]
[White "Nedwis"]
[Black "kingmate"]
[Result "0-1"]
[ICCResult "White forfeits on time"]
[WhiteElo "2890"]
[BlackElo "2457"]
[Opening "French: Swiss variation"]
[ECO "C11"]
[NIC "FR.04"]
[Time "14:44:02"]
[TimeControl "180+0"]

1. e4 e6 2. d4 d5 3. Nc3 Nf6 4. Bd3 c5 5. exd5 exd5 6. Nf3 Nc6 7. O-O c4 8.
Re1+ Be7 9. Bf1 O-O 10. h3 h6 11. g3 Be6 12. Bg2 Re8 13. Be3 a6 14. Qd2 b5
15. a3 Rc8 16. Rad1 Ne4 17. Nxe4 dxe4 18. Ne5 Bd5 19. c3 Bd6 20. Bf4 g5 21.
Nxc6 Rxc6 22. Bxd6 Rxd6 23. Re3 f5 24. f4 gxf4 25. gxf4 Qh4 26. Qf2 Qxf2+
27. Kxf2 Kf7 28. h4 Rg6 29. Bh3 Kf6 30. Ra1 Rb8 31. Bf1 a5 32. Be2 Rbg8 33.
Bf1 Rg4 34. a4 b4 35. cxb4 axb4 36. a5 Rxf4+ 37. Ke2 c3 38. bxc3 Bc4+ 39.
Kd2 Bxf1 40. cxb4 Rg2+ 41. Kc3 Ba6 42. b5 Bxb5 43. a6 Rg8 44. a7 Ra8 45. Kb4
Bd3 46. Kc5 Rf2 47. Kc6 Rb2 48. d5 Ke5 49. Ra5 f4 50. d6+ Kd4 51. Re1 f3 52.
d7 f2 53. Rc1 Rc2+ 54. Rxc2 Bxc2 55. Rd5+ Ke3 56. d8=Q Rxd8 57. Rxd8 f1=Q
58. a8=Q Qc4+ 59. Kd6 Bb3 60. Qa7+ Ke2 61. Ke5 e3 62. Qd4 Qe6+ 63. Kf4 Qf7+
64. Ke5 Qg7+ 65. Ke4 Bc2+ 66. Kd5 Qf7+ 67. Kc5 Qc7+ 68. Kb4 Qb7+ 69. Kc5
Qa7+ 70. Kb4 Qa4+ 71. Kc5 Qa5+ 72. Kc4 Qa2+ 73. Kc5 Qa3+ 74. Kb6 Qb3+ 75.
Kc7 Qb5 76. Qc3 Bd3 77. Qc6 Qxc6+ 78. Kxc6 Kd2 79. Kd6 e2 80. Re8 e1=Q 81.
Rxe1 Kxe1 82. Ke5 h5 83. Kf4 Be2 84. Kg5 Bg4 85. Kf4 Ke2 86. Kg3 Kd2 87. Kg2
Kd3 88. Kg1 Kd4 89. Kh2 Ke4 90. Kg1 Kf5 91. Kf1 Kf4 92. Kg1 Kf5 93. Kh2 Bf3
94. Kg1 Ke4 95. Kh2 Kf4 96. Kh3 Ke3 97. Kh2 Kf4 98. Kh3 Kf5 99. Kh2 Be4 100.
Kh3 Ke5 101. Kh2 Bf5 102. Kg3 Kf6 {White forfeits on time} 0-1